cohdb
Replays
Latest Replays
All Replays
Popular Replays
Top Player Replays
Match Explorer
How It Works
Community
CoH3 Stats
Reddit
Sign in to upload your games and track your stats! →
Sign in with Steam
Match 38518882
Unlisted
Match 38518882
Overview
Messages
Build Orders
End
Construct Infanterie Kompanie
MG 42 Machine Gun Team
Grenadier Squad
Grenadier Squad
Medical Station
GrW 34 Mortar Team
Construct Luftwaffe Kompanie
Jäger Squad
Jäger Squad
Selects Mechanized Battlegroup
Selects Spotting Scopes
Selects Wespe Self-propelled Artillery
Wespe Self-propelled Artillery
Support Elements
Grenadier Squad
Marder III M Tank Destroyer
MG 42 Machine Gun Team
Marder III M Tank Destroyer
michelin2_0
Takeda Shingen
ionwood
Ricebeard
SneaKerz
gb_gbg
0
0
Comments
sign in to comment!
No comments posted yet!